 Dungeon Crawl Stone Soup version 0.23.2-1-ga50397a (webtiles) character file.

Game seed: 4302861052079855265

544 Borgoz the Slasher (level 7, -13/87 HPs)
             Began as a Minotaur Monk on May 25, 2019.
             Killed from afar by Dowan (24 damage)
             ... with a shard of ice
             ... on level 5 of the Dungeon.
             The game lasted 00:05:55 (3652 turns).

Borgoz the Slasher (Minotaur Monk)                  Turns: 3652, Time: 00:05:55

Health: -13/87     AC: 23    Str: 17    XL:     7   Next: 6%
Magic:  15/15      EV:  2    Int: 12    God:
Gold:   370        SH:  0    Dex: 13    Spells: 6/6 levels left

rFire    . . .     SeeInvis .   a - +0 falchion
rCold    . . .     Gourm    .   (no shield)
rNeg     + + +     Faith    .   (armour currently unavailable)
rPois    +         Spirit   .   (helmet currently unavailable)
rElec    .         Reflect  .   (cloak currently unavailable)
rCorr    .         Harm     .   (gloves currently unavailable)
MR       .....     NoTele   +   (boots currently unavailable)
Stlth    ++........             x - amulet of inaccuracy (curse)
HPRegen  0.24/turn              r - ring of magical power
MPRegen  0.14/turn              (no ring)

@: brilliant, tree-form, berserk cooldown, hasted and slowed
A: (retaliatory headbutt)
a: no special abilities


You were on level 5 of the Dungeon.
You were near starving.
You were a tree.
You visited 1 branch of the dungeon, and saw 5 of its levels.

You collected 370 gold pieces.

Inventory:

Hand Weapons
 a - a +0 falchion (weapon)
Armour
 v - a cursed +0 plate armour (melded)
Jewellery
 r - a ring of magical power (left branch)
 x - a cursed amulet of inaccuracy (around neck)
Wands
 g - a wand of paralysis (5)
 q - a wand of iceblast (8)
Scrolls
 b - a scroll of enchant armour {unknown}
 e - 3 scrolls of immolation
 i - 2 scrolls of blinking
 n - 5 scrolls of remove curse
 o - a scroll of enchant weapon {unknown}
 p - a scroll of fog
 s - 3 scrolls of teleportation
Potions
 h - a potion of magic
 k - a potion of haste
 m - 2 potions of berserk rage
 w - a potion of invisibility
Comestibles
 c - 12 rations


   Skills:
 - Level 3.9 Fighting
 * Level 7.2 Long Blades
 * Level 6.0 Armour
 - Level 3.5 Dodging
 - Level 1.5 Stealth


You had 6 spell levels left.
You didn't know any spells.
Your spell library was empty.

Dungeon Overview and Level Annotations

Branches:
Dungeon (5/15)
 Temple: D:4-7

Altars:
Ru
Xom
Yredelemnul

Annotations:
D:4 2 transporters, Paps's ghost, amateur DsAs
D:5 Dowan


Innate Abilities, Weirdness & Mutations

((You reflexively headbutt those who attack you in melee.))
((You have a pair of horns on your head.))


Message History

Dowan hits you but does no damage. x2
Dowan casts a spell.
Dowan blinks!
It was a potion of lignification.
You turn into a tree.
Your cursed +0 plate armour melds into your body.
Your roots penetrate the ground.
Dowan hits you but does no damage.
You hit Dowan.
Dowan is lightly wounded.
Dowan gestures wildly while chanting.
Dowan blinks!
Dowan hits you but does no damage.
You cannot move.
You cannot move.
You hit Dowan.
Dowan is lightly wounded.
Dowan hits you but does no damage.
You hit Dowan.
Dowan is moderately wounded.
Dowan gestures at you while chanting. The shard of ice hits you!!
You die...

..............# ..............#
..............# ..............#
..............#
..............####
...............§§#
..............##.#
..............##♣#
..............##e#
###....#......##§### *####
....#....####.##§§.###...####*
#.............#..............*
..............#..............*
#.............#..............*
#.............#.....((.......**
#............##.......e......<*


You could see Dowan.

Vanquished Creatures
  Duvessa (D:5)
  A phantom (D:5)
  2 crimson imps (D:5)
  An orc priest (D:5)
  A bullfrog skeleton (D:5)
  A worker ant (D:4)
  A hound skeleton (D:4)
  A hound zombie (D:3)
  9 adders
  A shadow imp (D:3)
  3 worms
  2 dart slugs (D:1)
  2 leopard geckos
  2 orcs (D:5)
  7 bats
  4 giant cockroaches
  2 gnoll zombies (D:3)
  8 hobgoblins
  3 jackals (D:1)
  2 quokkas (D:3)
  2 ball pythons
  7 frilled lizards
  9 goblins
  5 kobolds
  8 rats
85 creatures vanquished.

Notes
Turn   | Place    | Note
-------+----------+-------------------------------------------
     0 | D:1      | Borgoz the Minotaur Monk began the quest for the Orb.
     0 | D:1      | Reached XP level 1. HP: 19/19 MP: 0/0
   146 | D:1      | Reached skill level 1 in Armour
   146 | D:1      | Reached XP level 2. HP: 18/27 MP: 1/1
   265 | D:1      | Reached skill level 4 in Long Blades
   565 | D:1      | You fall through a shaft!
   704 | D:1      | Reached XP level 3. HP: 33/33 MP: 2/2
  1324 | D:2      | Reached XP level 4. HP: 32/40 MP: 3/3
  1540 | D:2      | Found a sacrificial altar of Ru.
  1649 | D:3      | Reached skill level 5 in Long Blades
  1731 | D:3      | Found a basalt altar of Yredelemnul.
  1901 | D:3      | Found a shimmering altar of Xom.
  1942 | D:3      | Reached XP level 5. HP: 46/46 MP: 4/4
  2739 | D:4      | Found a transporter.
  2740 | D:4      | Noticed Paps's ghost (amateur DsAs)
  2741 | D:4      | Found a transporter.
  2741 | D:4      | Noticed an ogre
  2742 | D:4      | Identified the cursed +1 great mace of Inue {flame, Dex+2}
  2742 | D:4      | Noticed an ogre
  3226 | D:5      | Entered Level 5 of the Dungeon
  3233 | D:5      | Reached skill level 6 in Long Blades
  3421 | D:5      | Reached XP level 6. HP: 52/52 MP: 5/5
  3486 | D:5      | Reached skill level 5 in Armour
  3610 | D:5      | Noticed Duvessa
  3611 | D:5      | Noticed Dowan
  3631 | D:5      | Killed Duvessa
  3633 | D:5      | Reached skill level 7 in Long Blades
  3643 | D:5      | Reached XP level 7. HP: 20/58 MP: 6/6
  3652 | D:5      | Killed from afar by Dowan

Skill      XL: |  1  2  3  4  5  6 |
---------------+-------------------+-----
Armour         | 1 2 3 4 6 |  6.0
Long Blades    | 4 5 6 7 |  7.2
Fighting       | |  3.9
Dodging        | |  3.5
Stealth        | |  1.5

Action                   |  1- 3 |  4- 6 |  7- 9 || total
-------------------------+-------+-------+-------++-------
Melee: Falchion          |    86 |   155 |     3 ||   244
       Headbutt          |    16 |    34 |       ||    50
  Use: Scroll            |     3 |     6 |     3 ||    12
       Potion            |       |     1 |     3 ||     4
 Stab: Sleeping          |     1 |       |       ||     1
  Eat: Chunk             |     1 |     6 |       ||     7
Armor: Robe              |     4 |       |       ||     4
       Ring mail         |     6 |       |       ||     6
       Scale mail        |     8 |    40 |       ||    48
       Plate armour      |       |    41 |     2 ||    43
       Skin              |       |       |     2 ||     2
Dodge: Dodged            |    50 |    70 |     1 ||   121
       Rpst.: Falchion   |    17 |    22 |       ||    39
